 Dungeon Crawl Stone Soup version 0.19.0 (webtiles) character file.

53 CanadianGator the Charmwright (level 3, 0/24 HPs)
             Began as a High Elf Skald on Nov 15, 2016.
             Was an Initiate of Okawaru.
             Succumbed to a kobold's poison
             ... on level 3 of the Dungeon.
             The game lasted 00:08:32 (1947 turns).

CanadianGator the Charmwright (High Elf Skald)      Turns: 1947, Time: 00:08:32

Health: 0/24       AC:  7    Str: 11    XL:     3   Next: 64%
Magic:  7/7        EV: 11    Int: 14    God:    Okawaru [......]
Gold:   112        SH:  0    Dex: 15    Spells: 2 memorised, 4 levels left

rFire  . . .     SeeInvis .     a - +1 falchion
rCold  . . .     Gourm    .     k - +0 ring mail (curse)
rNeg   . . .     Faith    .     (no shield)
rPois  .         Spirit   .     (no helmet)
rElec  .         Reflect  .     e - +1 cloak
rCorr  .         Harm     .     (no gloves)
MR     .....                    (no boots)
Stlth  ..........               (no amulet)
                                u - -2 ring of intelligence (curse)
                                t - ring of loudness (curse)

@: lethally poisoned (0 -> -2)
A: no striking features
a: Renounce Religion


You were on level 3 of the Dungeon.
You worshipped Okawaru.
Okawaru was noncommittal.
You were not hungry.

You visited 1 branch of the dungeon, and saw 3 of its levels.

You collected 112 gold pieces.

Inventory:

Hand Weapons
 a - a +1 falchion (weapon)
Missiles
 s - 36 arrows
Armour
 b - a +0 leather armour
 e - a +1 cloak (worn)
 k - a cursed +0 ring mail (worn)
Jewellery
 l - an uncursed ring of see invisible
 t - a cursed ring of loudness (left hand)
 u - a cursed -2 ring of intelligence (right hand)
 x - an uncursed ring of wizardry {unknown}
Scrolls
 o - a scroll of magic mapping
 v - a scroll of enchant weapon
Potions
 f - a potion of degeneration
 g - 2 potions of might
 i - a potion of agility {unknown}
 j - a potion of brilliance {unknown}
 n - 3 potions of curing
 p - a potion of magic {unknown}
 q - a potion of ambrosia {unknown}
 w - a potion of lignification {unknown}
Books
 c - a book of Battle

   Spells                             Type                      Level
   a - Infusion                       Charms                       1
   b - Shroud of Golubria             Charms/Translocation         2
   c - Song of Slaying                Charms                       2
   d - Spectral Weapon                Hexes/Charms                 3
   e - Regeneration                   Charms/Necromancy            3
Comestibles
 d - 2 bread rations
 h - a beef jerky
 m - a slice of pizza
 r - 2 meat rations


   Skills:
 + Level 2.0 Fighting
 * Level 3.8 Long Blades
 + Level 1.1 Armour
 * Level 1.9 Dodging
 + Level 2.5 Spellcasting
 + Level 4.0 Charms


You had 4 spell levels left.
You knew the following spells:

 Your Spells              Type           Power        Failure   Level  Hunger
a - Infusion              Chrm           ##..         12%         1    #......
b - Song of Slaying       Chrm           ##......     17%         2    ###....


Dungeon Overview and Level Annotations

Branches:
Dungeon (3/15)

Altars:
Okawaru
The Shining One


Message History

You hit the orc.
You kill the orc!
Okawaru accepts your kill.
You hit the orc but do no damage. The orc hits you with a short sword.
An orc comes into view. It is wielding a flail.
You barely miss the orc.
The orc shouts!
The orc hits you but does no damage.
You hit the orc but do no damage.
You feel sick. The orc hits you with a short sword.
* * * LOW HITPOINT WARNING * * *
You barely miss the orc. The orc hits you with a short sword.
* * * LOW HITPOINT WARNING * * *
An orc comes into view. It is wielding a hand axe.
You barely miss the orc.
The orc shouts!
The orc closely misses you.
You riposte.
You hit the orc but do no damage. You closely miss the orc.
The orc barely misses you. x2
You hit the orc but do no damage.
You die...

#.# #.#
##.###### #
#......(##.##
#..##.(o....#
#..##.#o##..#
#...#.#g#
......#o#
.#...###@#
###..## #.#
#.. #.# #.
..# ###


You could see 3 orcs and a hobgoblin.

Vanquished Creatures
  2 dart slugs (D:1)
  2 leopard geckos
  2 orcs (D:3)
  3 giant cockroaches
  5 hobgoblins
  6 kobolds
  6 bats
  4 frilled lizards
  5 goblins
  10 rats
45 creatures vanquished.

Notes
Turn   | Place    | Note
-------+----------+-------------------------------------------
     0 | D:1      | CanadianGator the High Elf Skald began the quest for the Orb.
     0 | D:1      | Reached XP level 1. HP: 14/14 MP: 4/4
    27 | D:1      | Reached skill level 1 in Armour
   377 | D:1      | Reached XP level 2. HP: 19/19 MP: 6/6
   473 | D:1      | Reached skill level 4 in Charms
   693 | D:1      | Learned a level 2 spell: Song of Slaying
   966 | D:2      | Found an iron altar of Okawaru.
   971 | D:2      | Became a worshipper of Warmaster Okawaru
  1052 | D:2      | Reached XP level 3. HP: 21/24 MP: 7/7
  1716 | D:3      | Found a glowing golden altar of the Shining One.
  1944 | D:3      | HP: 1/24 [orc/short sword (5)]
  1947 | D:3      | Succumbed to a kobold's poison

Skill      XL: |  1  2 |
---------------+-------+-----
Armour         | 1 |  1.1
Charms         | 4 |  4.0
Long Blades    | 3 |  3.8
Fighting       | |  2.0
Dodging        | |  1.9
Spellcasting   | |  2.5

Action                   || total
-------------------------++-------
Melee: Falchion          ||   142
 Cast: Infusion          ||     2
  Use: Scroll            ||     9
  Eat: Bread ration      ||     1
Armor: Leather armour    ||    14
       Ring mail         ||    51
Dodge: Dodged            ||   106
       Rpst.: Falchion   ||    28
